 Dungeon Crawl Stone Soup version 0.24.0-1-gfbc8707 (webtiles) character file.

Game seed: 14817624269574064577, levelgen mode: deterministic

13167 Illumine the Jinx (level 11, -11/64 HPs)
             Began as a Deep Elf Enchanter on Nov 22, 2019.
             Was an Elder of Sif Muna.
             Mangled by a spiny frog (22 damage)
             ... on level 4 of the Lair of Beasts.
             The game lasted 00:50:10 (16370 turns).

Illumine the Jinx (Deep Elf Enchanter)             Turns: 16370, Time: 00:50:10

Health: -11/64     AC:  6    Str:  6    XL:     11   Next: 72%
Magic:  22/27      EV: 18    Int: 23    God:    Sif Muna [****..]
Gold:   635        SH:  0    Dex: 15    Spells: 19/30 levels left

rFire    + + .     SeeInvis .   c - +2 dagger (flame)
rCold    x x .     Gourm    .   (no shield)
rNeg     + . .     Faith    .   b - +0 robe
rPois    .         Spirit   .   x - +1 helmet of the Doldrums {rN+}
rElec    .         Reflect  .   O - +0 cloak {MR+}
rCorr    .         Harm     .   j - +0 pair of gloves
MR       ++...                  (no boots)
Stlth    ++++......             q - amulet of the acrobat
HPRegen  0.20/turn              f - ring of fire
MPRegen  0.20/turn              P - ring of fire

@: lethally poisoned (-11 -> -21)
A: no striking features
a: Channel Magic, Forget Spell, Divine Exegesis, Renounce Religion


You were on level 4 of the Lair of Beasts.
You worshipped Sif Muna.
Sif Muna was greatly pleased with you.
You were not hungry.

You visited 2 branches of the dungeon, and saw 14 of its levels.
You also visited: Bailey and Volcano.

You collected 635 gold pieces.

Inventory:

Hand Weapons
 c - a +2 dagger of flaming (weapon)
 g - a +2 scimitar
 z - a +1 demon trident of flaming
 J - a +1 dagger of venom
 Q - the cursed +1 hunting sling of the Extremes {freeze, MR+ Dex+2}
   (You found it on level 2 of the Lair of Beasts)

   It causes projectiles fired from it to freeze those they strike, causing
   extra injury to most foes and up to half again as much damage against
   particularly susceptible opponents.
   They can also slow down cold-blooded creatures.
   It affects your dexterity (+2).
   It affects your resistance to hostile enchantments.
   It has a curse placed upon it.
 U - a +2 quarterstaff of flaming
Missiles
 e - 6 boomerangs (quivered)
 w - 63 poisoned darts
 H - 3 silver javelins
 I - 16 javelins
 T - 8 curare-tipped darts
Armour
 b - a +0 robe (worn)
 j - a +0 pair of gloves (worn)
 s - a +0 shield
 x - the +1 helmet of the Doldrums (worn) {rN+}
   (You found it on level 4 of the Dungeon)

   It protects you from negative energy.
 B - the +4 chain mail of the Vestibule of Hell {rPois rC+}
   (You found it on level 7 of the Dungeon)

   It protects you from cold.
   It protects you from poison.
 M - a +2 leather armour of magic resistance
 O - a +0 cloak of magic resistance (worn)
Jewellery
 a - an uncursed ring of ice {unknown}
 f - a ring of fire (left hand)
 n - an uncursed ring of wizardry
 q - an amulet of the acrobat (around neck)
 L - a +4 ring of protection
 P - a ring of fire (right hand)
Wands
 y - a wand of clouds (5)
 N - a wand of random effects (16)
 V - a wand of iceblast (14)
Scrolls
 i - 4 scrolls of fog
 m - 4 scrolls of teleportation
 p - 5 scrolls of identify
 t - 2 scrolls of immolation
 u - 3 scrolls of amnesia
 v - 4 scrolls of remove curse
 D - a scroll of vulnerability
 F - a scroll of fear
 K - 3 scrolls of enchant weapon
Potions
 h - 2 potions of brilliance
 k - 2 potions of cancellation
 l - a potion of mutation
 o - 2 potions of resistance
 r - 3 potions of flight
 A - a potion of might
 E - 2 potions of haste
 G - 2 potions of agility
 R - a potion of invisibility {unknown}
 S - a potion of curing
 W - 2 potions of berserk rage {unknown}
Comestibles
 d - 11 rations


   Skills:
 + Level 5.6 Fighting
 - Level 5.0 Short Blades
 + Level 9.1 Dodging
 - Level 7.1 Stealth
 + Level 10.3 Spellcasting
 + Level 7.9 Conjurations
 + Level 10.6 Hexes
 + Level 7.4 Invocations


You had 19 spell levels left.
You knew the following spells:

 Your Spells              Type           Power        Failure   Level  Hunger
b - Ensorcelled Hibernat  Hex/Ice        #####.       1%          2    None
c - Confuse               Hex            ######..     1%          3    None
d - Dazzling Spray        Conj/Hex       ######       1%          3    None
e - Tukima's Dance        Hex            ######..     1%          3    None

Your spell library contained the following spells:

 Spells                   Type           Power        Failure   Level  Hunger
 Corona                   Hex            ######.      1%          1    None


Dungeon Overview and Level Annotations

Branches:
Dungeon (9/15)             Temple (0/1) D:7            Lair (5/6) D:8
 Shoals (0/4) Lair:4       Spider (0/4) Lair:3       Bailey (visited)
Volcano (visited)
  Slime: Lair:5-6       Orc: D:9-12

Altars:
Ashenzari
Elyvilon
Kikubaaqudgha
Makhleb
Nemelex Xobeh
Ru
Sif Muna
Trog
Wu Jian
Xom
Jiyva

Annotations:
D:3 Grinder
D:5 2 transporters, porkupine's ghost, novice GnSu
Lair:2 3 runed translucent doors
Lair:3 3 runed translucent doors, Huasawuy's ghost, journeyman TrWz


Message History

You feel sick. The bullfrog completely misses you.
The spiny frog barely misses you. The bullfrog hits you.
* * * LOW HITPOINT WARNING * * *
The spiny frog barely misses you.
You climb upwards.
The blink frog croaks.
* * * LOW HITPOINT WARNING * * *
You feel sick.
There is a stone staircase leading down here.
Casting: Ensorcelled Hibernation (safe; 1% risk of failure)
Confirm with . or Enter, or press ? or * to list all spells.
Aiming: Confuse (safe; 1% risk of failure)
Press: ? - help, Shift-Dir - straight line, f - spiny frog
Aim: a spiny frog (chance to defeat MR: 75%)
The spiny frog appears confused.
* * * LOW HITPOINT WARNING * * *
You feel sick.
The bullfrog hits you but does no damage.
The spiny frog stings you!!
You die...

#.)..#####..##.....##............
#.....##..#.........#...).......
#............###................
##........#......................
#.........#...........#..........
##..#..##.#........#..##.........
#..#..⌠.##..##.⌠.⌠..#..# .....
#...........F..FFF..#.... .....
#...⌠.<..+..#...@...# .+. ....
#........#.............# ...
#...#.⌠..#...#.⌠.⌠..#..#
##..#######..#.....#..#. #...# #.
.........# #...# . .......#..#
#...### ...#.#.#..#.
##.....#####.... ....#
#...........#


You could see 2 spiny frogs, a blink frog and a bullfrog.

Vanquished Creatures
  Urug (Lair:2)
  Pikel (D:5)
  A manticore (Lair:4)
  Maurice (D:8)
  2 torpor snails
  5 spiny frogs
  A blink frog (Lair:4)
  2 hippogriffs
  A spriggan (D:7)
  Sigmund (D:2)
  A wyvern (Lair:4)
  19 yaks
  2 fire elementals (Volcano)
  4 water moccasins
  5 porcupines
  Duvessa (D:5)
  10 orc warriors (Bailey)
  3 ice beasts
  A necrophage (D:6)
  5 ogres
  A black bear (D:7)
  13 centaurs
  A big kobold (D:7)
  A gnoll sergeant (D:3)
  5 bullfrogs
  A scorpion (D:5)
  4 wights (D:6)
  4 howler monkeys
  2 electric eels (D:7)
  6 crimson imps
  A quasit (D:8)
  A bullfrog skeleton (D:6)
  2 jellies (D:5)
  5 orc wizards
  2 orc priests
  2 hounds
  Natasha (twice) (D:2)
  An iguana (D:8)
  6 worker ants
  A hound skeleton (D:4)
  A worker ant zombie (D:8)
  11 adders
  3 shadow imps
  An ooze (D:6)
  An adder skeleton (D:6)
  An adder zombie (D:8)
  4 worms
  2 dart slugs
  2 leopard geckos (D:1)
  34 orcs
  2 ball pythons
  6 hobgoblins
  18 jackals
  4 quokkas
  A ball python skeleton (D:4)
  7 bats
  8 frilled lizards
  3 giant cockroaches
  2 goblins (D:1)
  14 kobolds
  A leopard gecko zombie (D:5)
  A quokka zombie (D:5)
  11 rats
266 creatures vanquished.

Vanquished Creatures (collateral kills)
  An ogre (D:5)
  A centaur (Bailey)
  A wight (D:6)
  3 orcs (Bailey)
6 creatures vanquished.

Vanquished Creatures (others)
  2 dancing weapons
  3 slaves (D:5)
  Dowan (D:5)
  An orc priest (D:5)
  An orc wizard (D:5)
  A worker ant (D:5)
  2 shadow imps (D:5)
  A dart slug (D:5)
  2 orcs
  2 fungi (Lair:4)
16 creatures vanquished.

Grand Total: 288 creatures vanquished

Notes
Turn   | Place    | Note
-------+----------+-------------------------------------------
     0 | D:1      | Illumine the Deep Elf Enchanter began the quest for the
                  | Orb.
     0 | D:1      | Reached XP level 1. HP: 10/10 MP: 6/6
   618 | D:1      | Reached XP level 2. HP: 15/15 MP: 4/8
   629 | D:1      | Learned a level 2 spell: Ensorcelled Hibernation
  1438 | D:1      | Reached XP level 3. HP: 15/19 MP: 6/10
  1512 | D:2      | Learned a level 3 spell: Confuse
  1516 | D:2      | Learned a level 3 spell: Dazzling Spray
  1959 | D:2      | Noticed Natasha
  2052 | D:2      | Killed Natasha
  2052 | D:2      | Reached XP level 4. HP: 24/24 MP: 0/11
  2134 | D:2      | Noticed Natasha
  2149 | D:2      | Killed Natasha
  2228 | D:2      | Found a shimmering blue altar of Sif Muna.
  2233 | D:2      | Became a worshipper of Sif Muna the Loreminder
  2374 | D:2      | Found an ornate altar of the Wu Jian Council.
  2374 | D:2      | Found a white marble altar of Elyvilon.
  2578 | D:2      | Noticed Sigmund
  2773 | D:3      | Reached skill level 5 in Hexes
  2946 | D:3      | Noticed Grinder
  2949 | D:3      | Reached skill level 1 in Conjurations
  2949 | D:3      | Reached XP level 5. HP: 28/28 MP: 10/13
  3356 | D:3      | Learned a level 3 spell: Tukima's Dance
  3600 | D:3      | Found a bloodstained altar of Trog.
  3670 | D:3      | Reached skill level 5 in Stealth
  4040 | D:3      | Found an ancient bone altar of Kikubaaqudgha.
  4235 | D:3      | Found a faded altar of an unknown god.
  4517 | D:4      | Reached XP level 6. HP: 32/32 MP: 11/14
  4953 | D:4      | Reached skill level 5 in Spellcasting
  5100 | D:4      | Got a shimmering helmet
  5106 | D:4      | Identified the +1 helmet of the Doldrums {rN+} (You found
                  | it on level 4 of the Dungeon)
  5196 | D:4      | Reached * piety under Sif Muna
  5320 | D:5      | Entered Level 5 of the Dungeon
  5333 | D:5      | Reached XP level 7. HP: 36/36 MP: 13/16
  5355 | D:5      | Found a transporter.
  5360 | D:5      | Noticed porkupine's ghost (novice GnSu)
  5397 | D:5      | Noticed Pikel
  5730 | D:2      | Killed Sigmund
  5730 | D:2      | Reached skill level 1 in Invocations
  5867 | D:5      | Killed Pikel
  5867 | D:5      | Reached skill level 1 in Fighting
  5867 | D:5      | Reached XP level 8. HP: 43/43 MP: 5/18
  6565 | D:5      | Noticed Duvessa
  6566 | D:5      | Noticed Dowan
  6597 | D:5      | Killed Duvessa
  6897 | D:5      | Found a transporter.
  7001 | D:5      | Killed Dowan
  7359 | D:6      | Reached skill level 5 in Dodging
  7895 | D:6      | Reached XP level 9. HP: 49/49 MP: 17/20
  8700 | D:6      | Reached ** piety under Sif Muna
  8930 | D:6      | Found a sparkling altar of Nemelex Xobeh.
  8972 | D:7      | Reached skill level 5 in Short Blades
  8987 | D:7      | Got a bloodstained chain mail
  9332 | D:7      | Reached skill level 5 in Conjurations
  9766 | D:7      | Found a staircase to the Ecumenical Temple.
 10003 | D:7      | Identified the +4 chain mail of the Vestibule of Hell
                  | {rPois rC+} (You found it on level 7 of the Dungeon)
 10016 | D:7      | Found a burning altar of Makhleb.
 10268 | D:7      | Found a sacrificial altar of Ru.
 10360 | D:8      | Found a shattered altar of Ashenzari.
 10517 | D:8      | Found a staircase to the Lair.
 10701 | D:8      | Found a flagged portal.
 10707 | D:8      | Noticed Maurice
 10710 | Bailey   | Entered a bailey
 10718 | Bailey   | Reached *** piety under Sif Muna
 10718 | Bailey   | Reached XP level 10. HP: 24/56 MP: 5/24
 11303 | Bailey   | Reached skill level 5 in Invocations
 12091 | D:8      | Killed Maurice
 12885 | Lair:1   | Entered Level 1 of the Lair of Beasts
 13163 | Lair:1   | Noticed an eight-headed hydra
 13195 | Lair:2   | Noticed a spiny frog
 13438 | D:9      | Found a shimmering altar of Xom.
 13623 | Lair:2   | Found a runed translucent gate.
 13624 | Lair:2   | Found a runed translucent gate.
 13624 | Lair:2   | Found a runed translucent gate.
 13627 | Lair:2   | Noticed a spiny frog
 13635 | Lair:2   | Killed a spiny frog
 13708 | Lair:2   | Noticed Urug
 13723 | Lair:2   | Noticed a spiny frog
 13732 | Lair:2   | Killed a spiny frog
 13739 | Lair:2   | Killed Urug
 13739 | Lair:2   | Reached XP level 11. HP: 24/62 MP: 3/26
 13849 | Lair:2   | Got an ichor-stained hunting sling
 13852 | Lair:2   | Identified the cursed +1 hunting sling of the Extremes
                  | {freeze, MR+ Dex+2} (You found it on level 2 of the Lair of
                  | Beasts)
 14080 | Lair:2   | Reached **** piety under Sif Muna
 14263 | Lair:3   | Reached skill level 5 in Fighting
 14318 | Lair:3   | Found a runed translucent gate.
 14319 | Lair:3   | Found a runed translucent gate.
 14320 | Lair:3   | Found a runed translucent gate.
 14405 | Lair:3   | Reached skill level 10 in Hexes
 14419 | Lair:3   | Found a dark tunnel.
 14428 | Volcano  | Entered a volcano
 14846 | Lair:3   | Reached skill level 10 in Spellcasting
 15046 | Lair:3   | Noticed Huasawuy's ghost (journeyman TrWz)
 15047 | Lair:3   | Noticed a death ooze
 15198 | Lair:3   | Found a hole to the Spider Nest.
 15302 | Lair:4   | Found a staircase to the Shoals.
 15581 | Lair:4   | Noticed a death yak
 15581 | Lair:4   | Noticed a death yak
 15581 | Lair:4   | Noticed a death yak
 15606 | Lair:4   | HP: 3/64 [death yak (21)]
 15984 | Lair:3   | Found a viscous altar of Jiyva.
 15985 | Lair:3   | Found the +5 scythe "Finisher" {speed, eviscerate}
 16370 | Lair:4   | Mangled by a spiny frog

Levels and vault maps discovered:
D:1:      dpeg_arrival_water_altar, layout_loops_ring
D:2:      layout_basic, lemuel_doored_altar, gammafunk_temple_overflow_pools,
          first_ration, uniq_natasha, uniq_sigmund
D:3:      minmay_recursive_quarters, layout_loops_ring, marbit_many_paths,
          lightli_temple_of_fire, chequers_ecumenical_altar_lobes,
          minmay_quantized, uniq_grinder
D:4:      layout_basic, kennysheep_generic_room_12
D:5:      layout_cave_pools, gammafunk_ghost_stat_death, uniq_duvessa,
          uniq_pikel
D:6:      layout_basic, nemelex_dance_club_becter
D:7:      layout_cave_pools, kennysheep_mini, nicolae_ru_the_path_less_chosen,
          minmay_temple_entry_waves, the_bakery, serial_bayou_pond_b
D:8:      layout_layer_cave, old_standard_altar, lair_entry_dummy,
          enter_bailey_6, uniq_maurice
D:9:      layout_basic, old_standard_altar, uniq_erica
Lair:1:   layout_roguey
Lair:2:   layout_layer_cave, maelrawn_ghost_gauntlet_escape, grunt_megastairs_3,
          uniq_urug
Lair:3:   layout_hall_layers, spider_nest_entry_web_field,
          nicolae_volcano_entry_hallway, gammafunk_ghost_ooze
Lair:4:   layout_long_grid, minmay_shoals_entry_beasts, grunt_megastairs_2
Lair:5:   layout_loops_ring, minmay_another_anthill, grunt_megastairs_4

Skill      XL: |  1  2  3  4  5  6  7  8  9 10 11 |
---------------+----------------------------------+-----
Stealth        | 4 5 6 7 |  7.1
Short Blades   | 2 3 4 5 |  5.0
Spellcasting   | 4 5 6 8 9 10 | 10.3
Hexes          | 5 6 7 8 9 10 | 10.6
Conjurations   | 1 2 3 4 5 6 7 |  7.9
Dodging        | 3 4 5 6 8 9 |  9.1
Invocations    | 2 3 4 6 7 |  7.4
Fighting       | 1 2 3 4 5 |  5.6

Action                   |  1- 3 |  4- 6 |  7- 9 | 10-12 || total
-------------------------+-------+-------+-------+-------++-------
Melee: Dagger            |    71 |    81 |   110 |    87 ||   349
       Demon trident     |       |       |       |     5 ||     5
Throw: Boomerang         |    30 |       |       |       ||    30
 Cast: Corona            |    28 |       |       |       ||    28
       Ensorcelled Hiber |    21 |    39 |    33 |    71 ||   164
       Confuse           |       |     4 |    35 |    46 ||    85
       Dazzling Spray    |       |     4 |   113 |    60 ||   177
       Tukima's Dance    |       |     1 |    14 |     8 ||    23
Evoke: Wand              |       |       |       |     2 ||     2
  Use: Scroll            |     4 |     5 |    13 |     3 ||    25
       Potion            |       |     1 |       |     2 ||     3
 Stab: Sleeping          |    13 |    29 |    26 |    46 ||   114
       Invisible         |       |     1 |     4 |       ||     5
       Confused          |       |       |     5 |     2 ||     7
       Distracted        |       |       |     1 |       ||     1
  Eat: Chunk             |     4 |    11 |     4 |    11 ||    30
       Ration            |       |       |     4 |     2 ||     6
Armor: Robe              |    15 |    12 |    17 |    19 ||    63
Dodge: Dodged            |    47 |    53 |    84 |   132 ||   316
